 Dungeon Crawl Stone Soup version 0.18.1-5-g4a78601 (webtiles) character file.

71 PossumBlood the Chopper (level 4, -1/39 HPs)
             Began as a Minotaur Fighter on May 11, 2016.
             Slain by a gnoll
             ... wielding a +0 whip
              (6 damage)
             ... on level 2 of the Dungeon.
             The game lasted 00:01:10 (689 turns).

PossumBlood the Chopper (Minotaur Fighter)           Turns: 689, Time: 00:01:12

Health: -1/39      AC:  6    Str: 26    XL:     4   Next: 5%
Magic:  3/3        EV:  7    Int:  5    God:
Gold:   63         SH: 10    Dex: 10    Spells: 0 memorised, 3 levels left

rFire  . . .     SeeInvis .     a - +0 war axe
rCold  . . .     Gourm    +     b - +0 scale mail
rNeg   . . .     Faith    .     c - +0 shield
rPois  .         Spirit   .     (helmet restricted)
rElec  .         Dismiss  .     (no cloak)
rCorr  .         Reflect  .     (no gloves)
SustAt .         Harm     .     (no boots)
MR     .....                    j - amulet of the gourmand
Stlth  ..........               (no ring)
                                (no ring)

@: mighty, not resistant to hostile enchantments, extremely unstealthy
A: retaliatory headbutt, horns 2
a: no special abilities


You were on level 2 of the Dungeon.
You were not hungry.

You visited 1 branch of the dungeon, and saw 2 of its levels.

You collected 63 gold pieces.

Inventory:

Hand Weapons
 a - a +0 war axe (weapon)
Armour
 b - a +0 scale mail (worn)
 c - a +0 shield (worn)
Jewellery
 j - an amulet of the gourmand (around neck)
Scrolls
 g - 3 scrolls of immolation {unknown}
Potions
 e - a potion of mutation {unknown}
 h - 2 potions of heal wounds {unknown}
Books
 l - a book of Power

   Spells                             Type                      Level
   a - Fulminant Prism                Conjuration/Hexes            4
   b - Iskenderun's Mystic Blast      Conjuration                  4
   c - Venom Bolt                     Conjuration/Poison           5
   d - Bolt of Magma                  Conjuration/Fire/Earth       5
   e - Iron Shot                      Conjuration/Earth            6
   f - Orb of Destruction             Conjuration                  7
   g - Spellforged Servitor           Conjuration/Summoning        7
Comestibles
 f - 2 bread rations
 i - a beef jerky
 k - 2 meat rations


   Skills:
 - Level 3.6 Fighting
 * Level 5.2 Axes
 - Level 3.6 Armour
 - Level 3.6 Shields


You had 3 spell levels left.
You didn't know any spells.

Dungeon Overview and Level Annotations

Branches:
Dungeon (2/15)

Altars:
Vehumet


Innate Abilities, Weirdness & Mutations

You reflexively headbutt those who attack you in melee.
You have a pair of horns on your head.


Message History

You block the gnoll's attack.
Drink which item? (? for menu, Esc to quit)
You feel very mighty all of a sudden.
You closely miss the gnoll. Your headbutt misses the gnoll.
The gnoll is heavily wounded.
The gnoll completely misses you. You furiously retaliate!
You headbutt the gnoll!
You kill the gnoll!
You have reached level 4!
You feel agile.
Your shield prevents you from hitting the giant newt.
You block the giant newt's attack. The gnoll hits you with a whip.
* * * LOW HITPOINT WARNING * * *
Your shield and scale mail prevent you from hitting the gnoll.
You closely miss the giant newt.
The giant newt bites you but does no damage.
The gnoll hits you from afar with a spear.
* * * LOW HITPOINT WARNING * * *
The gnoll hits you with a whip.
You die...

#.....)###.###..#
#.......#...#...#
#...............#
#........######.#
##........# #..#
.........# #.##
###.##..### #.#
#......#######)####
#.#@)...<.........#
#...lg##...####.....#
.......g.###..........#
..#......###..#.....#.#
................##...#
##..........##.#####.###
..........####..........
..###....#..............
.#....#............


You could see 2 gnolls and a giant newt.

Vanquished Creatures
  Ijyb (D:2)
  2 gnolls (D:2)
  An adder (D:1)
  An ooze (D:1)
  3 bats (D:1)
  3 giant cockroaches
  2 hobgoblins (D:1)
  A giant newt (D:1)
  2 goblins (D:2)
  A kobold (D:1)
17 creatures vanquished.

Notes
Turn   | Place    | Note
--------------------------------------------------------------
     0 | D:1      | PossumBlood the Minotaur Fighter began the quest for the Orb.
     0 | D:1      | Reached XP level 1. HP: 19/19 MP: 0/0
   132 | D:1      | Reached skill level 3 in Axes
   149 | D:1      | Reached XP level 2. HP: 23/26 MP: 1/1
   377 | D:1      | Reached skill level 4 in Axes
   624 | D:2      | Found a radiant altar of Vehumet.
   673 | D:2      | Noticed Ijyb
   681 | D:2      | Killed Ijyb
   681 | D:2      | Reached XP level 3. HP: 29/31 MP: 2/2
   685 | D:2      | Reached skill level 5 in Axes
   687 | D:2      | Reached XP level 4. HP: 9/39 MP: 3/3
   689 | D:2      | Slain by a gnoll

Skill      XL: |  1  2  3 |
---------------+----------+-----
Axes           | 3 4 5 |  5.2
Fighting       | |  3.6
Armour         | |  3.6
Shields        | |  3.6

Action                   |  1- 3 |  4- 6 || total
-------------------------+-------+-------++-------
Melee: War axe           |    42 |     2 ||    44
       Headbutt          |     7 |       ||     7
  Use: Potion            |     1 |       ||     1
Armor: Scale mail        |    21 |     1 ||    22
Dodge: Dodged            |    14 |       ||    14
Block: Shield            |    21 |     1 ||    22
